 Dungeon Crawl Stone Soup version 0.13-a0-1606-g53bcbbc (webtiles) character file.

3039 Koal the Cruncher (level 9, -5/67 HPs)
             Began as a Demonspawn Gladiator on June 14, 2013.
             Was a Priest of Ashenzari.
             Slain by an orc warrior
             ... wielding a +0,+0 orcish mace
              (10 damage)
             ... on Level 7 of the Dungeon.
             The game lasted 00:47:53 (9061 turns).

Koal the Cruncher (Demonspawn Gladiator)            Turns: 9061, Time: 00:47:53

HP  -5/67        AC  6     Str 16      XL: 9   Next: 37%
MP   0/8         EV 17     Int  9      God: Ashenzari [***...]
Gold 372         SH  0     Dex 17      Spells:  0 memorised,  8 levels left

Res.Fire  : + . .   See Invis. : +   a - +1,-2 quarterstaff (curse)
Res.Cold  : . . .   Warding    : .   x - +0 leather armour
Life Prot.: . . .   Conserve   : .   (no shield)
Res.Poison: .       Res.Corr.  : .   (helmet restricted)
Res.Elec. : .       Clarity    : +   g - +0 cloak
Sust.Abil.: . .     Spirit.Shd : +   A - +1 pair of gauntlets
Res.Mut.  : .       Stasis     : .   (no boots)
Res.Rott. : .       Flight     : .   j - amulet of faith
Saprovore : . . .                    (no ring)
                                     z - ring of protection from fire

@: slightly resistant to hostile enchantments, quite stealthy
A: horns 1, nightstalker 2, magic shield, EV +2
a: Renounce Religion


You were on level 7 of the Dungeon.
You worshipped Ashenzari.
Ashenzari was greatly pleased with you.
You were not hungry.

You visited 2 branches of the dungeon, and saw 8 of its levels.

You collected 376 gold pieces.
You spent 24 gold pieces at shops.

Inventory:

Hand weapons
 a - a cursed +1,-2 quarterstaff (weapon)
 b - a +0,+0 orcish battleaxe
Missiles
 d - 2 throwing nets {=f}
 s - 7 poisoned needles
 Y - 22 darts (quivered)
 Z - 17 stones
Armour
 c - a +0 helmet
 g - a +0 cloak (worn)
 x - a +0 leather armour (worn)
 A - a +1 pair of gauntlets (worn)
Magical devices
 q - a wand of frost (9) {unknown}
 w - a wand of confusion (8) {unknown}
 H - a wand of invisibility (6) {unknown}
Comestibles
 v - 2 rotting chunks of worker ant flesh
 C - a bread ration
 D - 2 chokos
 E - a cheese
 G - an apple
Scrolls
 e - a scroll of identify
 i - 3 scrolls of curse jewellery
 l - 4 scrolls of remove curse
 n - 3 scrolls of blinking
 o - 2 scrolls of teleportation
 u - 2 scrolls of amnesia {unknown}
 K - a scroll of curse armour
 L - a scroll of fear
 O - 2 scrolls of fog
Jewellery
 j - an amulet of faith (around neck)
 k - an uncursed ring of magical power
 m - a cursed ring of teleportation
 z - a ring of protection from fire (left hand)
 I - an uncursed amulet of resist corrosion {unknown}
Potions
 f - a potion of restore abilities
 h - a potion of porridge {unknown}
 p - a potion of curing
 t - 2 potions of mutation
 B - 2 potions of magic
 J - 2 potions of speed
 M - 2 potions of flight
 N - a potion of brilliance
 R - a potion of berserk rage
Books
 y - a book of Hinderance

   Spells                             Type                      Level
   Confusing Touch                    Hexes                        1
   Slow                               Hexes                        2
   Confuse                            Hexes                        3
   Petrify                            Transmutation/Earth          4
   Leda's Liquefaction                Hexes/Earth                  4
   Metabolic Englaciation             Hexes/Ice                    6


   Skills:
 - Level 6.0 Fighting
 + Level 8.7(12.4) Staves
 - Level 1.7 Throwing
 + Level 5.9 Dodging


You had 8 spell levels left.
You didn't know any spells.

Dungeon Overview and Level Annotations

Branches:
Dungeon (7/27)             Temple (1/1) D:5
    Orc: D:6-11

Altars:
Ashenzari
Elyvilon
Fedhas
Kikubaaqudgha
Okawaru
Trog
Yredelemnul

Shops:
D:5: =

Annotations
D:1 digs
D:3 digs
D:6 Root's ghost, experienced DjBe
D:7 exclusion: jelly


Innate Abilities, Weirdness & Mutations

You have a pair of small horns on your head.
You are surrounded by a mild repulsion field (EV +2).
You are significantly more attuned to the shadows.
When hurt, damage is shared between your health and your magic reserves.


Message History

The orc warrior misses you.
The orc wizard glows brightly for a moment.
You completely miss the orc warrior.
The orc warrior is heavily wounded.
The orc wizard gestures wildly while chanting.
You feel troubled.
You hit the orc warrior but do no damage.
Your headbutt misses the orc warrior.
The orc warrior is heavily wounded.
The orc warrior hits you with an orcish mace!
* * * LOW HITPOINT WARNING * * *
You hit the orc warrior. You headbutt the orc warrior.
The orc warrior is almost dead.
The orc wizard gestures wildly while chanting.
You feel troubled.
You hit the orc warrior but do no damage.
You headbutt the orc warrior, but do no damage.
The orc warrior is almost dead.
The orc warrior hits you with an orcish mace!
You die...

# #....##...# ###....
################(##...#######.#.#
................(................
................(................
.................................
...(............o##...#####.....#
################o###### #...#...#
#o# #...#.### ##@## #.....#
##<..# ##....# #....# #....#
#....# #....# ##### #...## ####.#
###...# ##...# #.# ..#...#
#...###########.#
..#...#########)..............###
.................................


You could see an orc warrior and 2 orc wizards.

Vanquished Creatures
  Pikel (D:7)
  Grinder (D:6)
  A wyvern (D:5)
  Menkaure (D:5)
  A manticore skeleton (D:6)
  A phantom (D:5)
  An ice beast (D:7)
  An orc warrior (D:6)
  2 ogres
  3 centaurs
  Sigmund (D:6)
  2 giant frogs (D:6)
  A giant frog skeleton (D:6)
  2 crimson imps (D:7)
  4 wights (D:6)
  An iguana (D:5)
  An orc priest (D:5)
  An orc wizard (D:6)
  2 scorpions
  2 worker ants
  Jessica (D:3)
  A jelly (D:5)
  8 gnolls
  10 adders
  2 giant mites
  3 worms (D:2)
  A bat skeleton (D:5)
  A bat zombie (D:5)
  9 giant geckos
  An ooze (D:5)
  16 orcs
  15 bats
  13 goblins
  12 hobgoblins
  7 jackals
  12 kobolds
  A ball python (D:1)
  4 giant cockroaches
  3 giant newts
  A goblin skeleton (D:5)
  2 goblin zombies
  A hobgoblin skeleton (D:7)
  9 rats
163 creatures vanquished.

Vanquished Creatures (others)
  Eustachio (D:7)
  2 slaves (D:7)
  A giant cockroach (D:5)
  A jackal (D:5)
  A giant gecko skeleton (D:6)
  A goblin (D:6)
  A kobold zombie (D:4)
8 creatures vanquished.

Grand Total: 171 creatures vanquished

Notes
Turn   | Place    | Note
--------------------------------------------------------------
     0 | D:1      | Koal, the Demonspawn Gladiator, began the quest for the Orb.
     0 | D:1      | Reached XP level 1. HP: 17/17 MP: 0/0
    51 | D:1      | Reached skill level 3 in Staves
   195 | D:1      | Gained mutation: You are slightly more attuned to the shadows. [demonic ancestry]
   195 | D:1      | Reached XP level 2. HP: 21/23 MP: 1/1
   665 | D:2      | Reached XP level 3. HP: 17/28 MP: 2/2
   944 | D:2      | Reached skill level 4 in Staves
  1357 | D:2      | Found a white marble altar of Elyvilon.
  1404 | D:2      | Gained mutation: You are significantly more attuned to the shadows. [demonic ancestry]
  1404 | D:2      | Reached XP level 4. HP: 26/35 MP: 3/3
  1842 | D:2      | Reached skill level 5 in Staves
  2236 | D:3      | Noticed Jessica
  2241 | D:3      | Killed Jessica
  2241 | D:3      | Gained mutation: You are surrounded by a mild repulsion field (EV +2). [demonic ancestry]
  2241 | D:3      | Reached XP level 5. HP: 36/40 MP: 4/4
  2419 | D:3      | Found a shattered altar of Ashenzari.
  2429 | D:3      | Became a worshipper of Ashenzari the Shackled
  3649 | D:4      | Found a basalt altar of Yredelemnul.
  3758 | D:4      | Reached skill level 6 in Staves
  4017 | D:5      | Entered Level 5 of the Dungeon
  4017 | D:5      | Found a blossoming altar of Fedhas.
  4017 | D:5      | Noticed Root's ghost (experienced DjBe)
  4129 | D:5      | Got an uncursed twitching copper amulet
  4156 | D:5      | Reached XP level 6. HP: 46/46 MP: 5/5
  4186 | D:5      | Noticed a phantom
  4203 | D:5      | Killed a phantom
  4535 | D:5      | Found an ancient bone altar of Kikubaaqudgha.
  4583 | D:5      | Noticed a centaur
  4603 | D:5      | Killed a centaur
  4603 | D:5      | Reached skill level 7 in Staves
  4825 | D:5      | Noticed a wyvern
  4834 | D:5      | Killed a wyvern
  4834 | D:5      | Gained mutation: When hurt, damage is shared between your health and your magic reserves. [demonic ancestry]
  4834 | D:5      | Reached XP level 7. HP: 6/51 MP: 6/6
  5284 | D:5      | Noticed an ogre
  5300 | D:5      | Killed an ogre
  5300 | D:5      | Reached skill level 8 in Staves
  5796 | D:5      | Found a staircase to the Ecumenical Temple.
  5898 | Temple   | Entered the Ecumenical Temple
  5898 | Temple   | Acquired Ashenzari's first power
  5912 | Temple   | Identified the amulet "Ivam" {Cons Str-5 Int+4} (You found it on level 5 of the Dungeon)
  5941 | D:5      | Found Tehyazx Usap's Jewellery Shop.
  5952 | D:5      | Bought an uncursed amulet of inaccuracy for 24 gold pieces
  5974 | D:5      | Noticed Menkaure
  5997 | D:5      | Killed Menkaure
  6283 | D:6      | Noticed Root's ghost (experienced DjBe)
  6583 | D:6      | Noticed Grinder
  6605 | D:6      | Killed Grinder
  6605 | D:6      | Reached XP level 8. HP: 14/58 MP: 2/7
  7117 | D:6      | Noticed Sigmund
  7135 | D:6      | Killed Sigmund
  7197 | D:6      | Found an iron altar of Okawaru.
  7198 | D:6      | Identified the cursed -2,-3 hand axe of Income {freeze, Dex+4}
  7856 | D:7      | Reached skill level 5 in Fighting
  7902 | D:7      | Reached skill level 5 in Dodging
  7902 | D:7      | Gained mutation: You have a pair of small horns on your head. [demonic ancestry]
  7902 | D:7      | Reached XP level 9. HP: 35/66 MP: 3/8
  8309 | D:7      | Noticed Pikel
  8349 | D:7      | Killed Pikel
  8620 | D:7      | Acquired Ashenzari's second power
  8620 | D:7      | Killed Eustachio
  9061 | D:7      | Slain by an orc warrior

Action                   |  1- 3 |  4- 6 |  7- 9 || total
-------------------------+-------+-------+-------++-------
Melee: Quarterstaff      |   114 |   234 |   383 ||   731
 Fire: Sling             |       |     7 |       ||     7
Throw: Spear             |       |     6 |     2 ||     8
       Dart              |       |    24 |    30 ||    54
       Hand axe          |       |    13 |     9 ||    22
       Stone             |       |     4 |     9 ||    13
       Throwing net      |       |       |     6 ||     6
  Use: Scroll            |       |    14 |     7 ||    21
       Potion            |       |     2 |     2 ||     4
 Stab: Sleeping          |     3 |     7 |     9 ||    19
       Held in net/web   |       |       |     2 ||     2
